 Seeded DCSS version 0.32-a0-900-g30fb1b0edc (webtiles) character file.

Game seed: 17073724502869601980 (custom seed)

82761 timneilson the Nimble (level 15, -13/102 HPs)
             Began as an Octopode Shapeshifter on Apr 5, 2024.
             Was an Initiate of Gozag.
             Killed by divine providence
             ... invoked by Saint Roka
              (14 damage)
             ... on level 2 of the Orcish Mines.
             The game lasted 01:15:28 (21845 turns).

timneilson the Nimble (Octopode Shapeshifter)      Turns: 21845, Time: 01:15:29

Health: -13/102    AC:  7    Str: 27    XL:     15   Next: 74%
Magic:  22/22      EV: 26    Int: 17    God:    Gozag
Gold:   5045       SH: 10    Dex: 18    Spells: 20/24 levels left

rFire   + .          .
                       - Unarmed
rCold   + . .        M - +0 buckler
rNeg    + + +        j - +2 hat
rPois   +            I - amulet of Ephemeral Luck {Reflect rPois rF- rN++ Dex+3 Slay+3 SH+5}
rElec   .            d - ring "Feirph" {rN+ rCorr Str+6}
rCorr   +            n - ring of see invisible
SInv    +            q - ring "Sinihutze" {rF+ rCorr AC+4 Int+2}
Will    +....        J - ring of wizardry
Stlth   ++++++       P - +5 ring of evasion
HPRegen 0.37/turn    E - ring of protection from cold
MPRegen 0.18/turn    K - ring of protection from fire
                     v - +4 ring of slaying

%: reflection, wizardry (x1)
@: mighty, maw-form, gold aura, hasted, studying Dodging, very quick
A: devouring maw, almost no armour, amphibious, 8 rings, camouflage 1,
gelatinous body 1, (nimble swimmer 1), tentacles
a: Begin Untransformation, Renounce Religion, Potion Petition, Call Merchant,
Bribe Branch


You were on level 2 of the Orcish Mines.
You worshipped Gozag.
Gozag was greatly pleased with you.
You were a creature with a mouth for a stomach.
You visited 4 branches of the dungeon, and saw 21 of its levels.
You also visited: Volcano.

You collected 6586 gold pieces.
You spent 1476 gold pieces at shops.
You paid 65 gold pieces to Gozag.

Inventory:

Missiles
 A - 39 poisoned darts (quivered)
 F - 5 throwing nets
 H - 5 curare-tipped darts
Armour
 j - a +2 hat (worn)
 M - a +0 buckler (worn)
Jewellery
 d - the ring "Feirph" (left tentacle) {rN+ rCorr Str+6}
   (You acquired it on level 1 of the Dungeon)

   [ring of resist corrosion]

   Str+6:     It affects your strength (+6).
   rN+:       It protects you from negative energy.
   rCorr:     It protects you from acid and corrosion.
 n - a ring of see invisible (right tentacle)
 q - the ring "Sinihutze" (on tentacle) {rF+ rCorr AC+4 Int+2}
   (You acquired it on level 4 of the Dungeon)

   [ring of protection]

   AC+4:      It affects your AC (+4).
   Int+2:     It affects your intelligence (+2).
   rF+:       It protects you from fire.
   rCorr:     It protects you from acid and corrosion.
 v - a +4 ring of slaying (on tentacle)
 E - a ring of protection from cold (on tentacle)
 I - the amulet of Ephemeral Luck (around mantle) {Reflect rPois rF- rN++ Dex+3 Slay+3 SH+5}
   (You bought it in a shop on level 8 of the Dungeon)

   [amulet of reflection]

   Reflect:   It reflects blocked missile attacks.
   Dex+3:     It affects your dexterity (+3).
   Slay+3:    It affects your accuracy & damage with ranged weapons and melee
   (+3).
   rF-:       It makes you vulnerable to fire.
   rPois:     It protects you from poison.
   rN++:      It greatly protects you from negative energy.
   SH+5:      It affects your SH (+5).
 J - a ring of wizardry (on tentacle)
 K - a ring of protection from fire (on tentacle)
 N - a ring of ice
 P - a +5 ring of evasion (on tentacle)
Talismans
 f - the maw talisman of the Foremost Coins (active) {Int+3 Dex+3}
   (You found it on level 4 of the Lair of Beasts)

   [maw talisman]

   Int+3:     It affects your intelligence (+3).
   Dex+3:     It affects your dexterity (+3).
 h - a granite talisman
 p - a dragon-blood talisman
Wands
 l - a wand of roots (17)
 x - a wand of quicksilver (6)
 y - a wand of flame (47)
 B - a wand of digging (8)
Scrolls
 r - 3 scrolls of fear
 u - 2 scrolls of amnesia
 C - a scroll of summoning
 D - 2 scrolls of teleportation
 S - a scroll of immolation
 T - a scroll of enchant weapon
 U - a scroll of silence {unknown}
Potions
 e - a potion of mutation
 g - 2 potions of haste
 i - 7 potions of curing
 k - 3 potions of berserk rage
 m - 2 potions of ambrosia
 s - 3 potions of attraction
 t - 3 potions of enlightenment
 Q - a potion of cancellation
Miscellaneous
 z - a lightning rod (4/4)


   Skills:
 + Level 9.4 Fighting
 * Level 14.3 Dodging
 + Level 12.6 Stealth
 + Level 3.8 Shields
 * Level 13.1 Unarmed Combat
 - Level 5.0 Spellcasting
 - Level 5.0 Translocations
 + Level 9.2 Evocations
 * Level 12.1 Shapeshifting


You had 20 spell levels left.
You knew the following spells:

 Your Spells              Type           Power      Damage    Failure   Level
a - Blink                 Tloc           42%        N/A       1%          2
b - Lesser Beckoning      Tloc           42%        N/A       1%          2

Your spell library contained the following spells:

 Spells                   Type           Power      Damage    Failure   Level
 Momentum Strike          Conj/Tloc      24%        3d8       3%          2
 Sting                    Conj/Alch      16%        1d4       6%          1
 Volatile Blastmotes      Fire/Tloc      24%        2d12      7%          3
 Mercury Vapours          Alch/Air       8%         N/A       10%         2
 Summon Ice Beast         Ice/Summ       4%         N/A       19%         3
 Iskenderun's Mystic Bla Conj/Tloc 12%            2d5        (+2d2     22%         4
 Fulminant Prism          Conj/Alch      2%         3d5       52%         4
 Olgreb's Toxic Radiance  Alch           4%         N/A       52%         4
 Summon Mana Viper        Hex/Summ       4%         N/A       85%         5
 Conjure Ball Lightning   Conj/Air       2%         3x3d6     100%        6
 Monstrous Menagerie      Summ           2%         N/A       100%        7
 Discord                  Hex            2%         N/A       100%        8
 Disjunction              Tloc           10%        N/A       100%        8


Dungeon Overview and Level Annotations

Branches:
Dungeon (13/15)            Temple (1/1) D:5            Lair (5/5) D:9
  Swamp (0/4) Lair:3       Spider (0/4) Lair:2        Slime (0/5) Lair:5
    Orc (2/2) D:12            Elf (0/3) Orc:2       Volcano (visited)
 Vaults: D:13-14

Altars:
Ashenzari
Cheibriados
Dithmenos
Elyvilon
Fedhas
Gozag
Hepliaklqana
Kikubaaqudgha
Makhleb
Nemelex Xobeh
Okawaru
Qazlal
Ru
Sif Muna
Trog
Uskayaw
Vehumet
Wu Jian
Xom
Yredelemnul
Zin
The Shining One
Jiyva

Shops:
D:8 =

Portals:
Hell: Lair:5

Annotations:
Orc:2 Saint Roka


Innate Abilities, Weirdness & Mutations

You are a creature with a mouth for a stomach.
Your midsection houses a second, enormous mouth.
You cannot wear most types of armour.
You are amphibious.
You can wear up to eight rings at the same time.
Your skin changes colour to match your surroundings (Stealth+).
Your rubbery body absorbs attacks. (AC +1, EV +1)
((You are camouflaged when in or above water. (Stealth+)))
You have tentacles for arms and can constrict up to eight enemies at once.


Message History

Okay, then.
Unknown command.
You feel much better.
You closely miss Saint Roka. You grab Saint Roka. You squeeze Saint Roka!
You bite Saint Roka.
Saint Roka is lightly wounded.
You constrict Saint Roka.
The orc warrior unwields a +0 halberd.
The orc warrior wields a +0 orcbow.
The orc warrior shoots an arrow.
The arrow completely misses you.
Saint Roka mumbles some strange prayers to Beogh against you.
Beogh smites you! The orc priest misses you.
You batter Saint Roka!! You bite Saint Roka!
Saint Roka is moderately wounded.
You constrict Saint Roka. You tentacle-slap Saint Roka. You bite Saint Roka!
Saint Roka is moderately wounded.
You constrict Saint Roka, but do no damage.
Saint Roka roars a battlecry!
The orc priest goes into a battle-frenzy!
You bludgeon Saint Roka! You bite Saint Roka!
Saint Roka is heavily wounded.
You constrict Saint Roka. The orc warrior closely misses you.
Saint Roka hits you with a +0 dire flail of protection!!!
* * * LOW HITPOINT WARNING * * *
The orc priest completely misses you.
Unknown command.
You tentacle-slap Saint Roka but do no damage.
Saint Roka is heavily wounded.
You constrict Saint Roka, but do no damage.
Unknown command.
You tentacle-slap Saint Roka.
Saint Roka is heavily wounded.
You constrict Saint Roka, but do no damage.
The orc warrior hits you with a +0 long sword!!
* * * LOW HITPOINT WARNING * * *
Saint Roka calls down the wrath of Beogh upon you.
Beogh smites you!
You die...
Saint Roka roars, "Praise to Beogh!"
Your body crumbles into a pile of gold.

......................##
.......o...o...........##
.........<..............#
........$...o..........##
......................##
.....oo...............##
....$......o...#.o.....##
...[......)....##o..#...#
...............#Woo.#..##
#.###########[#$o......#
#.###### ##[)....#..##
.......### ##..........#
#.####.K.## #...........#
#.# ###..###.....)....##
#.# ##..##.##.[.....##
#.# ##$##..##[......# #.#
#$##....#.....##


You could see Saint Roka, 2 orc warriors, an orc priest (strong) and an orc
wizard (strong).

Vanquished Creatures
  Kirke (Lair:5)
  Josephine (D:11)
  Fannar (D:11)
  A catoblepas (Lair:2)
  10 hydras
  A centaur warrior (D:9)
  8 two-headed ogres
  3 boulder beetles
  6 death yaks (Lair:5)
  An orc high priest (Orc:2)
  Urug (Orc:2)
  A demonic crawler (Lair:2)
  A sun demon (Lair:5)
  A fire crab (Lair:5)
  3 skysharks (Lair:5)
  A skeletal warrior (D:9)
  An arcanist (Lair:5)
  An obsidian bat (Orc:2)
  2 orc knights (Orc:2)
  4 ugly things
  3 orc sorcerers
  A cyclops (D:11)
  3 meliai (D:13)
  A manticore (D:12)
  6 kobold blastminers
  10 centaur zombies (D:11)
  Joseph (D:8)
  6 black mambas
  An unseen horror (D:12)
  A smoke demon (Lair:5)
  3 torpor snails
  10 cane toads
  A kobold demonologist (D:11)
  5 ice devils (Lair:5)
  9 komodo dragons
  5 rime drakes
  A hornet (D:10)
  2 trolls
  2 polar bears
  8 blink frogs
  A tyrant leech (Lair:3)
  21 dream sheep
  5 slime creatures (D:12)
  10 wraiths
  5 shadows (D:11)
  7 wyverns
  4 vampires (D:11)
  72 yaks
  3 wargs
  3 steam dragons (D:9)
  A basilisk (Lair:3)
  2 hogs (Lair:5)
  Grum (D:11)
  14 vampire mosquitoes
  3 swamp worms (Lair:3)
  10 hell hounds
  2 acid dragons
  14 water moccasins
  17 orc warriors
  A black bear (D:6)
  2 ogres
  20 wolves
  5 centaurs
  2 phantoms (D:5)
  2 kobold brigands
  11 bullfrogs
  3 gnoll sergeants
  3 scorpions
  8 wights
  8 killer bees
  9 howler monkeys
  An electric eel (D:11)
  20 orc priests
  4 hounds
  2 gnoll boudas
  2 sleepcaps
  3 iguanas
  A boggart zombie (D:11)
  19 orc wizards
  24 gnolls
  11 adders
  A shadow imp (D:8)
  A white imp (D:7)
  2 ufetubi (D:6)
  3 ribbon worms (Lair:2)
  3 dart slugs
  66 orcs
  8 endoplasms
  8 giant cockroaches
  8 hobgoblins
  11 jackals
  4 quokkas
  3 ball pythons
  11 bats
  7 frilled lizards
  6 goblins
  22 kobolds
  5 rats
653 creatures vanquished.

Notes
Turn   | Place    | Note
-------+----------+-------------------------------------------
     0 | D:1      | timneilson the Octopode Shapeshifter began the quest for
                  | the Orb.
     0 | D:1      | Reached XP level 1. HP: 13/13 MP: 1/1
   124 | D:1      | Identified a scroll of acquirement
   124 | D:1      | Acquired the ring "Feirph" {rN+ rCorr Str+6}
   247 | D:1      | Reached XP level 2. HP: 18/18 MP: 2/2
   693 | D:2      | Reached skill level 1 in Stealth
   713 | D:2      | Reached XP level 3. HP: 19/23 MP: 3/3
  1128 | D:2      | Reached XP level 4. HP: 23/28 MP: 4/4
  1690 | D:3      | Found a radiant altar of Vehumet.
  1998 | D:3      | Reached skill level 3 in Dodging
  2116 | D:3      | Found a faded altar of an unknown god.
  2180 | D:3      | Reached XP level 5. HP: 31/34 MP: 5/5
  2582 | D:4      | Acquired the ring "Sinihutze" {rF+ rCorr AC+4 Int+2}
  3142 | D:4      | Reached XP level 6. HP: 39/39 MP: 6/6
  3438 | D:5      | Entered Level 5 of the Dungeon
  3450 | D:5      | Found a staircase to the Ecumenical Temple.
  3458 | Temple   | Entered the Ecumenical Temple
  3477 | Temple   | Became a worshipper of Gozag Ym Sagoz the Greedy
  3722 | D:5      | Reached skill level 4 in Dodging
  3722 | D:5      | Reached XP level 7. HP: 44/45 MP: 7/7
  3896 | D:5      | Reached skill level 5 in Unarmed Combat
  4228 | D:5      | Reached XP level 8. HP: 47/52 MP: 8/8
  4536 | D:6      | Reached skill level 1 in Evocations
  4536 | D:6      | Reached skill level 5 in Shapeshifting
  5037 | D:6      | Reached skill level 5 in Dodging
  5873 | D:7      | Reached skill level 5 in Stealth
  5884 | D:7      | Found an iron altar of Okawaru.
  5947 | D:7      | Found a shimmering blue altar of Sif Muna.
  5984 | D:7      | Found a broken altar of Ashenzari.
  5997 | D:7      | Reached XP level 9. HP: 55/58 MP: 9/9
  6344 | D:7      | Reached skill level 6 in Dodging
  6742 | D:8      | Found a stormy altar of Qazlal.
  6742 | D:8      | Found a bloodstained altar of Trog.
  6742 | D:8      | Found an ornate altar of the Wu Jian Council.
  6878 | D:8      | Noticed Joseph
  6894 | D:8      | Killed Joseph
  7158 | D:8      | Found Idowidgh's Jewellery Emporium.
  7164 | D:8      | Bought the amulet of Ephemeral Luck {Reflect rPois rF- rN++
                  | Dex+3 Slay+3 SH+5} for 826 gold pieces
  7210 | D:8      | Identified the +5 long sword of Fear {distort, rC+}
  7303 | D:8      | Reached XP level 10. HP: 57/65 MP: 10/10
  7305 | D:8      | Reached skill level 7 in Dodging
  7315 | D:8      | Reached skill level 5 in Fighting
  7634 | D:9      | Noticed a skeletal warrior
  8213 | D:8      | Bought a ring of protection from fire for 325 gold pieces
  8538 | D:9      | Noticed a two-headed ogre
  8553 | D:9      | Noticed a two-headed ogre
  8567 | D:9      | Killed a two-headed ogre
  8605 | D:9      | Killed a two-headed ogre
  8606 | D:9      | Reached skill level 8 in Dodging
  8745 | D:9      | Killed a skeletal warrior
  8746 | D:9      | Reached skill level 5 in Evocations
  8746 | D:9      | Reached XP level 11. HP: 18/72 MP: 11/11
  8889 | D:9      | Noticed a centaur warrior
  8907 | D:9      | Killed a centaur warrior
  9070 | D:9      | Found a staircase to the Lair.
  9163 | D:9      | Found a glowing silver altar of Zin.
  9398 | D:10     | Entered Level 10 of the Dungeon
 10218 | D:11     | Noticed Grum
 10233 | D:11     | Killed Grum
 10254 | D:11     | Learned a level 2 spell: Blink
 10348 | D:11     | Reached skill level 1 in Translocations
 10352 | D:11     | Noticed a cyclops
 10365 | D:11     | Killed a cyclops
 10366 | D:11     | Reached skill level 1 in Spellcasting
 10666 | D:11     | Reached skill level 9 in Dodging
 10697 | D:11     | Noticed a two-headed ogre
 10764 | D:11     | Learned a level 2 spell: Lesser Beckoning
 10838 | D:11     | Reached XP level 12. HP: 51/80 MP: 14/14
 10993 | D:11     | Noticed Josephine
 11011 | D:11     | Killed Josephine
 11218 | D:11     | Noticed a boulder beetle
 11230 | D:11     | Killed a boulder beetle
 11234 | D:11     | Reached skill level 10 in Unarmed Combat
 11564 | D:11     | Noticed Fannar
 11660 | D:8      | Bought a ring of protection from cold for 325 gold pieces
 11818 | D:11     | Killed Fannar
 12097 | D:12     | Identified the scarf of Mischum {rC+ rF+, rN+ Str+4 Dex-2}
 12234 | Lair:1   | Entered Level 1 of the Lair of Beasts
 12242 | Lair:1   | Reached skill level 10 in Dodging
 12544 | Lair:1   | Reached XP level 13. HP: 86/86 MP: 17/17
 12628 | Lair:1   | Reached skill level 10 in Stealth
 13192 | Lair:2   | Found a hole to the Spider Nest.
 13406 | Lair:2   | Reached skill level 10 in Shapeshifting
 14406 | Lair:3   | You fall into a shaft and drop 1 floor!
 14816 | Lair:3   | Found a staircase to the Swamp.
 14829 | Lair:3   | Reached skill level 11 in Dodging
 15278 | Lair:4   | Acquired a manual of Dodging
 15433 | Lair:4   | Identified the maw talisman of the Foremost Coins {Int+3
                  | Dex+3}
 15642 | Lair:4   | Reached XP level 14. HP: 82/94 MP: 20/20
 16106 | Lair:5   | Entered Level 5 of the Lair of Beasts
 16138 | Lair:5   | Found a viscous altar of Jiyva.
 16141 | Lair:5   | Noticed Kirke
 16242 | Lair:5   | Reached skill level 5 in Translocations
 16558 | Lair:5   | Found a staircase to the Slime Pits.
 16795 | Lair:5   | Reached skill level 12 in Dodging
 17083 | Lair:5   | Reached skill level 1 in Shields
 17294 | Lair:5   | Reached skill level 5 in Spellcasting
 17907 | Lair:5   | Found a burning altar of Makhleb.
 17977 | Lair:5   | Reached skill level 13 in Dodging
 18037 | Lair:5   | Killed Kirke
 18038 | Lair:5   | Reached XP level 15. HP: 89/100 MP: 22/22
 18601 | Lair:5   | Found a gateway to Hell.
 18931 | D:12     | Found a hide-covered altar of Uskayaw.
 19187 | D:12     | Found a staircase to the Orcish Mines.
 19388 | D:12     | You fall into a shaft and drop 1 floor!
 19939 | Orc:1    | Entered Level 1 of the Orcish Mines
 20266 | Orc:1    | Found a dark tunnel.
 20278 | Volcano  | Entered a volcano
 20628 | Orc:1    | Reached skill level 14 in Dodging
 20736 | Orc:2    | Entered Level 2 of the Orcish Mines
 20805 | Orc:2    | Found a staircase to the Elven Halls.
 20813 | Orc:2    | Noticed Urug
 20846 | Orc:2    | Killed Urug
 21293 | Orc:2    | Noticed Saint Roka
 21455 | Orc:2    | Paralysed by an orc sorcerer for 5 turns
 21461 | Orc:2    | Paralysed by an orc sorcerer for 4 turns
 21845 | Orc:2    | HP: 1/102 [orc warrior/+0 long sword[Saint Roka] (20)]
 21845 | Orc:2    | Killed from afar by Saint Roka

Illustrated notes

Levels and vault maps discovered:
D:1:      lightli_arrival_windingriver, layout_loops_ring
D:2:      layout_basic, dk_noncrumbling_3
D:3:      layout_loops_corners, mainiacjoe_overflow_boulevard,
          shapermc_ecumenical_altar_gd, minmay_misc_feat_alley, st_stairs_8
D:4:      layout_gridville, lemuel_flame_loot_1
D:5:      layout_basic, minmay_temple_entry_stoned_glass
D:6:      layout_basic, grunt_decor_mini_mirrors
D:7:      layout_loops_cross, mainiacjoe_overflow_six_doors_small,
          lemuel_round_altar, lemuel_blue_sif_altar
D:8:      layout_cave_pools, gammafunk_temple_overflow_claw, serial_shops, shop,
          hangedman_abyss_or_decor_passed, fungi_pond_lemuel, uniq_joseph
D:9:      layout_basic, dpeg_oklobed_lair, minmay_ruined_shrine
D:10:     layout_loops_corners
D:11:     layout_long_grid, serial_undead, serial_undead_d, serial_undead_d,
          serial_undead_d, serial_undead_f, serial_undead_e, serial_undead_f,
          serial_undead_f, uniq_josephine, uniq_grum, uniq_fannar
D:12:     layout_irregular_city, orc_0_dummy, eat_drink_and_be_merry_uskayaw
D:13:     layout_long_grid
Temple:   nicolae_temple_superstar
Lair:1:   layout_cave_shapes, lemuel_fruit_tree
Lair:2:   layout_misc_corridors, nicolae_spider_entry_non_spiders, minmay_holes
Lair:3:   layout_roguey, palyth_hydra_swamp_entry
Lair:4:   layout_long_grid
Lair:5:   evil_forest, layout_cave_pods, slime_entry_1, uniq_kirke
Orc:1:    layout_caves, enter_volcano_3
Orc:2:    st_orc_elflike, layout_caves, uniq_saint_roka, uniq_urug

Skill      XL: |  1  2  3  4  5  6  7  8  9 10 11 12 13 14 15 |
---------------+----------------------------------------------+-----
Stealth        | 1 2 3 4 5 6 7 8 9 10 11 12 | 12.6
Dodging        | 3 4 5 6 8 9 10 11 13 14 | 14.3
Unarmed Combat | 4 5 6 7 8 9 10 11 12 13 | 13.1
Fighting       | 2 3 4 5 6 7 8 9 |  9.4
Shapeshifting  | 4 5 6 7 8 9 10 11 12 | 12.1
Evocations     | 2 3 5 6 7 8 9 |  9.2
Translocations | 1 3 4 5 |  5.0
Spellcasting   | 1 3 4 5 |  5.0
Shields        | 2 3 |  3.8

Action                     |  1- 3 |  4- 6 |  7- 9 | 10-12 | 13-15 || total
---------------------------+-------+-------+-------+-------+-------++-------
  Melee: Unarmed           |    66 |   104 |   215 |   413 |   728 ||  1526
         Constrict         |    13 |    26 |    52 |    73 |   142 ||   306
         Tentacles         |     9 |    23 |    50 |   126 |   243 ||   451
         Punch             |     1 |     9 |    12 |     3 |    57 ||    82
         Maw               |       |       |       |       |   199 ||   199
  Throw: Dart              |       |       |       |       |     5 ||     5
  Evoke: Wand              |       |       |     2 |    11 |     4 ||    17
    Use: Scroll            |     3 |     3 |     9 |     8 |     7 ||    30
         Potion            |       |       |     1 |     3 |     7 ||    11
   Stab: Sleeping          |     7 |    11 |    12 |     2 |    24 ||    56
         Distracted        |       |       |     4 |     3 |     7 ||    14
 Armour: Skin              |    29 |    37 |    84 |   205 |   183 ||   538
  Dodge: Dodged            |    40 |    52 |    97 |   280 |   455 ||   924
  Block: Other             |       |       |     1 |    90 |    45 ||   136
         Reflection        |       |       |       |     2 |     8 ||    10
         Buckler           |       |       |       |       |    97 ||    97
   Form: Flux              |       |       |       |     1 |       ||     1
         Maw               |       |       |       |       |     1 ||     1

Table legend: (Time is in decaauts)
 A = Elapsed time spent in this place.
 B = Non-inter-level travel time spent in this place.
 C = Inter-level travel time spent in this place.
 D = Time resting spent in this place.
 E = Time spent auto-exploring this place.
 F = Levels seen in this place.
 G = Mean time per level.
                   A        B        C        D        E       F      G
               +--------+--------+--------+--------+--------+-----+--------+
         Total |  21617 |  20631 |    986 |   4276 |   8616 |  22 |  982.6 |
       Dungeon |  13291 |  12572 |    719 |   2374 |   5689 |  13 | 1022.4 |
        Temple |     38 |      2 |     36 |      0 |      0 |   1 |   38.0 |
          Lair |   6408 |   6193 |    215 |   1538 |   2404 |   5 | 1281.6 |
  Orcish Mines |   1772 |   1756 |     16 |    361 |    523 |   2 |  886.0 |
       Volcano |    106 |    106 |      0 |      3 |      0 |   1 |  106.0 |
               +--------+--------+--------+--------+--------+-----+--------+

Top non-repeatable levels by time:
  Lair:5: 2295 daAuts
     D:9: 1538 daAuts
    D:11: 1530 daAuts
  Lair:2: 1354 daAuts
     D:8: 1324 daAuts
  Lair:4: 1255 daAuts
     D:6: 1208 daAuts
    D:10: 1095 daAuts
    D:12: 1083 daAuts
   Orc:1: 1042 daAuts
     D:7: 1039 daAuts
  Lair:3: 1020 daAuts
     D:4: 956 daAuts
     D:5: 914 daAuts
     D:2: 904 daAuts
